 Dungeon Crawl Stone Soup version 0.31-a0-963-ga325b2283a (webtiles) character file.

Game seed: 5967091535371360083

517 night the Ruffian (level 7, -2/61 HPs)
             Began as a Troll Shapeshifter on Oct 24, 2023.
             Was an Initiate of Nemelex Xobeh.
             Slain by an ogre
             ... wielding a +0 giant club
              (30 damage)
             ... on level 5 of the Dungeon.
             The game lasted 00:05:03 (3117 turns).

night the Ruffian (Troll Shapeshifter)              Turns: 3117, Time: 00:05:04

Health: -2/61      AC:  4    Str: 25    XL:     7   Next: 0%
Magic:  6/6        EV:  8    Int:  6    God:    Nemelex Xobeh [......]
Gold:   247        SH:  6    Dex:  9    Spells: 6/6 levels left

rFire   . .          .
                       - Unarmed
rCold   . . .        A - +0 kite shield
rNeg    . . .        a - +0 animal skin
rPois   .            (helmet currently unavailable)
rElec   .            (cloak currently unavailable)
rCorr   .            (gloves unavailable)
SInv    .            (boots unavailable)
Will    .....        (no amulet)
Stlth   +            (no ring)
HPRegen 1.10/turn    (no ring)
MPRegen 0.10/turn

%: no passive effects
@: lethally poisoned (-2 -> -3), beast-form
A: beast (slay +2), large, unfitting armour, claws 3, regeneration 1, shaggy fur
1, tough skin 1
a: Begin Untransformation, Renounce Religion, Draw Escape, Draw Destruction,
Draw Summoning


You were on level 5 of the Dungeon.
You worshipped Nemelex Xobeh.
Nemelex Xobeh was noncommittal.
You were a hulking beast.
You visited 2 branches of the dungeon, and saw 6 of its levels.

You collected 247 gold pieces.

Inventory:

Hand Weapons
 b - a +0 arbalest
 n - a +3 trident of distortion
Missiles
 f - 27 stones
 h - 9 poisoned darts
Armour
 a - a +0 animal skin (worn)
 A - a +0 kite shield (worn)
Talismans
 c - a beast talisman
 d - a flux talisman
Wands
 C - a wand of polymorph (6)
Scrolls
 e - 2 scrolls of fog
 i - a scroll of fear
 k - a scroll of blinking {unknown}
 l - a scroll of noise {unknown}
 s - a scroll of silence {unknown}
 v - a scroll of enchant weapon {unknown}
 w - a scroll of revelation {unknown}
 x - a scroll of immolation {unknown}
 y - 2 scrolls of vulnerability {unknown}
 B - a scroll of identify
Potions
 g - 3 potions of lignification
 j - a potion of brilliance {unknown}
 m - 2 potions of heal wounds {unknown}
 o - a potion of cancellation {unknown}
 p - a potion of attraction {unknown}
 q - 3 potions of curing {unknown}
 r - 3 potions of degeneration {unknown}
 t - a potion of ambrosia {unknown}
 u - a potion of resistance {unknown}
 z - 2 potions of enlightenment {unknown}


   Skills:
 - Level 0.7 Fighting
 - Level 1.5 Dodging
 * Level 6.7 Unarmed Combat
 + Level 4.9 Shapeshifting


You had 6 spell levels left.
You didn't know any spells.
Your spell library contained the following spells:

 Spells                   Type           Power      Damage    Failure   Level
 Poisonous Vapours        Pois/Air       0%         N/A       87%         2
 Dazzling Flash           Conj/Hex       0%         N/A       98%         3
 Gell's Gravitas          Tloc           0%         N/A       98%         3
 Mephitic Cloud           Conj/Pois/Air  0%         N/A       98%         3
 Teleport Other           Tloc           0%         N/A       98%         3
 Volatile Blastmotes      Fire/Tloc      0%         2d10      98%         3
 Freezing Cloud           Conj/Ice/Air   0%         6-21      100%        5
 Dispersal                Tloc           0%         N/A       100%        6
 Starburst                Conj/Fire      0%         6d3       100%        6
 Maxwell's Capacitive Co  Air            0%         ∞         100%        8


Dungeon Overview and Level Annotations

Branches:
Dungeon (5/15)             Temple (1/1) D:4

Altars:
Ashenzari
Cheibriados
Elyvilon
Gozag
Kikubaaqudgha
Nemelex Xobeh
Qazlal
Ru
Uskayaw
Wu Jian
Xom
The Shining One

Shops:
D:2 :   D:5 :


Innate Abilities, Weirdness & Mutations

You are a hulking beast.
Your limbs bulge with bestial killing power. (Slay +2)
You are too large for most types of armour.
You have claws for hands.
Your natural rate of healing is unusually fast.
You are covered in fur. (AC +1)
You have tough skin. (AC +1)


Message History

There is an open door here.
You feel sick. The orc attacks as it pursues you!
The orc hits you but does no damage.
There is an entrance to Riesadut's Book Shop here.
You scratch the orc.
The orc is heavily wounded.
You feel sick. The orc barely misses you.
You completely miss the orc.
The orc is heavily wounded.
You feel sick.
You are no longer poisoned.
The orc hits you with a +0 dagger.
You scratch the orc.
You kill the orc!
You block the ogre's attack. The scorpion stings you. x2
You are poisoned.
The scorpion poisons you!
There is an open door here.
You feel sick. The scorpion attacks as it pursues you!
You block the scorpion's attack.
You scratch the scorpion.
The scorpion is moderately wounded.
You feel sick. The scorpion stings you.
You are more poisoned.
The scorpion poisons you!
You scratch the scorpion.
The scorpion is moderately wounded.
You feel very sick.
The scorpion stings you but does no damage.
You mangle the scorpion!!
You kill the scorpion!
You feel very sick.
You have reached level 7!
You mangle the ogre!!
The ogre is severely wounded.
You feel very sick.
The ogre hits you with a +0 giant club!!
You die...
Your body disappears without a glow.

..........................<
...>........##.##.........
........................... #
....##..........#..).......
.. #.......#.....##.....#...
##.##...#..##......#..).##..#
...... #...#......#..))#####
.#..###)#...>.........##
##..hO∩'..............#
###.#+##.........#...##
#...##.........##...#
###.####..........##..#
##.#....###.......#......#
.........)##....#.##.....##
......##.).#...#######...#
...... ##....### #..## .<....
#.....# ####


You could see an ogre.

Vanquished Creatures
  An orc warrior (D:4)
  An ice beast (D:5)
  An ogre (D:4)
  A scorpion (D:5)
  An iguana (D:4)
  Robin (D:2)
  5 adders
  3 worms (D:4)
  4 dart slugs
  15 orcs
  5 endoplasms
  2 giant cockroaches
  11 goblins
  8 hobgoblins
  2 jackals (D:2)
  A quokka (D:4)
  6 ball pythons
  7 bats
  2 frilled lizards
  4 kobolds
  7 rats
88 creatures vanquished.

Notes
Turn   | Place    | Note
-------+----------+-------------------------------------------
     0 | D:1      | night the Troll Shapeshifter began the quest for the Orb.
     0 | D:1      | Reached XP level 1. HP: 18/18 MP: 0/0
   115 | D:1      | Reached XP level 2. HP: 26/26 MP: 1/1
   226 | D:1      | Found a faded altar of an unknown god.
   335 | D:1      | Reached XP level 3. HP: 32/32 MP: 2/2
   528 | D:2      | Found an ornate altar of the Wu Jian Council.
   615 | D:2      | Noticed Robin
   624 | D:2      | Killed Robin
   625 | D:2      | Reached skill level 4 in Unarmed Combat
   676 | D:2      | Found Irurytui's Book Shoppe.
  1048 | D:2      | Reached XP level 4. HP: 40/40 MP: 3/3
  1978 | D:3      | Found the +2 ratskin cloak {*Rats rPois rN+ Str-1 Int-1
                  | Dex+1}
  2446 | D:4      | Noticed an orc warrior
  2455 | D:4      | Killed an orc warrior
  2456 | D:4      | Reached skill level 5 in Unarmed Combat
  2456 | D:4      | Reached XP level 5. HP: 30/46 MP: 4/4
  2581 | D:4      | Found a staircase to the Ecumenical Temple.
  2595 | Temple   | Entered the Ecumenical Temple
  2605 | Temple   | Became a worshipper of Nemelex Xobeh the Trickster
  2746 | D:4      | Reached XP level 6. HP: 50/54 MP: 5/5
  2836 | D:4      | Reached skill level 6 in Unarmed Combat
  2929 | D:5      | Entered Level 5 of the Dungeon
  2946 | D:5      | HP: 5/54 [orc/+0 flail (6)]
  3057 | D:5      | Noticed an ice beast
  3067 | D:5      | Killed an ice beast
  3087 | D:5      | Found Riesadut's Book Shop.
  3117 | D:5      | Reached XP level 7. HP: 30/61 MP: 6/6
  3117 | D:5      | Slain by an ogre

Illustrated notes

Levels and vault maps discovered:
D:1:      eino_arrival_cavern_d, layout_rooms, ebering_ecumenical_altar_box,
          minmay_pentomino_r2
D:2:      layout_loops_corners, serial_shops, nicolae_square_shop, basic_altar,
          grunt_ministairs_12, uniq_robin
D:3:      layout_basic, serial_forest, infiniplex_forest_clump_curved,
          infiniplex_forest_clump_small, infiniplex_forest_lined_3,
          infiniplex_forest_straight_4, skrybe_limestone_x
D:4:      layout_basic, minmay_temple_entry_glass, nicolae_wormholes
D:5:      layout_cave_pools, serial_shops, nicolae_shop_behind_doors,
          nicolae_shop_behind_doors, nicolae_shop_bloodbath_and_beyond
Temple:   nicolae_temple_x_marks_the_god

Skill      XL: |  1  2  3  4  5  6 |
---------------+-------------------+-----
Unarmed Combat | 4 5 6 |  6.7
Shapeshifting  | 4 |  4.9
Fighting       | |  0.7
Dodging        | |  1.5

Action                     |  1- 3 |  4- 6 |  7- 9 || total
---------------------------+-------+-------+-------++-------
  Melee: Unarmed           |    71 |   110 |     1 ||   182
   Fire: Arbalest          |    13 |       |       ||    13
    Use: Scroll            |       |     2 |       ||     2
 Armour: Animal skin       |    42 |    81 |     1 ||   124
  Dodge: Dodged            |    38 |    34 |       ||    72
  Block: Kite shield       |       |    25 |       ||    25

Table legend: (Time is in decaauts)
 A = Elapsed time spent in this place.
 B = Non-inter-level travel time spent in this place.
 C = Inter-level travel time spent in this place.
 D = Time resting spent in this place.
 E = Time spent auto-exploring this place.
 F = Levels seen in this place.
 G = Mean time per level.
                   A        B        C        D        E       F      G
               +--------+--------+--------+--------+--------+-----+--------+
         Total |   3122 |   2989 |    133 |     43 |   2427 |   6 |  520.3 |
       Dungeon |   3101 |   2987 |    114 |     43 |   2427 |   5 |  620.2 |
        Temple |     20 |      1 |     19 |      0 |      0 |   1 |   20.0 |
               +--------+--------+--------+--------+--------+-----+--------+

Top non-repeatable levels by time:
     D:3: 968 daAuts
     D:2: 834 daAuts
     D:4: 624 daAuts
     D:1: 485 daAuts
     D:5: 189 daAuts
  Temple: 20 daAuts
